 Dungeon Crawl Stone Soup version 0.31.0-11-ge490571c62 (webtiles) character file.

Game seed: 2794726308093777148

49 qw the Shooter (level 3, 0/20 HPs)
             Began as a Deep Elf Hunter on Feb 4, 2024.
             Succumbed to their own poison gas
             ... on level 2 of the Dungeon.
             The game lasted 00:00:05 (1726 turns).

qw the Shooter (Deep Elf Hunter)                    Turns: 1726, Time: 00:00:06

Health: 0/20       AC:  8    Str: 10    XL:     3   Next: 53%
Magic:  5/5        EV: 26    Int: 13    God:
Gold:   105        SH:  0    Dex: 18    Spells: 2/2 levels left

rFire   . . .        a - +1 shortbow
rCold   . . .        (shield currently unavailable)
rNeg    . . .        e - +0 ring mail
rPois   .            (no helmet)
rElec   .            i - +0 cloak
rCorr   +            (no gloves)
SInv    .            h - +1 pair of boots
Will    .....        p - amulet of the acrobat
Stlth   +            g - ring of resist corrosion
HPRegen 0.23/turn    (no ring)
MPRegen 0.09/turn

%: acrobat
@: lethally poisoned (0 -> -2), acrobatic
A: no striking features
a: no special abilities


You were on level 2 of the Dungeon.
You visited 1 branch of the dungeon, and saw 2 of its levels.

You collected 105 gold pieces.


   Skills:
 - Level 1.5 Fighting
 + Level 7.1 Ranged Weapons
 - Level 2.4 Dodging
 - Level 1.2 Stealth


You had 2 spell levels left.
You didn't know any spells.
Your spell library was empty.

Inventory:

Hand Weapons
 a - a +1 shortbow (weapon)
Armour
 e - a +0 ring mail (worn)
 h - a +1 pair of boots (worn)
 i - a +0 cloak (worn)
Jewellery
 g - a ring of resist corrosion (left hand)
 p - an amulet of the acrobat (around neck)
Potions
 j - a potion of magic {unknown}
 k - a potion of enlightenment
 m - a potion of brilliance {unknown}

Dungeon Overview and Level Annotations

Branches:
Dungeon (2/15)

Altars:


Message History

Your +0 shortbow glows red for a moment.
Done exploring.
1717 ||| READING scroll labelled MADWEQUAKH.
As you read the scroll labelled MADWEQUAKH, it crumbles to dust.
You feel momentarily disoriented.
It was a scroll of revelation.
Done exploring.
1718 ||| DROPPING potion of attraction.
You drop a potion of attraction.
Done exploring.
What level of the Dungeon? (default 2, ? - help) Sorry, I don't know how to get there.
Enter note:
Enter note:
Enter note:
Enter note:
Enter note:
Enter note:
Enter note:
Enter note:
Enter note:
Enter note:
Enter note:
Enter note: You are engulfed in poison gas.
You are poisoned.
You feel very sick.
1720 ||| Stepping ~*~*~tactically~*~*~ (cloud).
You feel sick.
Things that are here:
a potion of attraction; a +6 ring of intelligence
There is a lethal amount of poison in your body!
You feel sick.
There is a lethal amount of poison in your body!
You feel sick.
There is a lethal amount of poison in your body!
You feel sick.
There is a lethal amount of poison in your body!
You feel sick.
There is a lethal amount of poison in your body!
You feel sick.
There is a lethal amount of poison in your body!
You die...

'##...##+#######.#...####........
..#...#S..######.##.######.......
<.#...#.>.######.####### ##.....#
..#...#...######¤####### ##...##
###...##########0############'##
###...##########.######........#
.##...#.########0######.#####..#
....###.########.######.# ##..#
.######.#######0@0#####.####...##
........#######0000.00.¤.........
.##############¤¤¤#####.##.......
.# ##############.#####..## .#
##############.#####..# .#
##############........# ##
####################.##
####################### #.#
#.........# #.#


There were no monsters in sight!

Vanquished Creatures
  An adder (D:2)
  A dart slug (D:2)
  A ribbon worm (D:2)
  An endoplasm (D:1)
  2 giant cockroaches
  7 hobgoblins
  5 ball pythons (D:1)
  6 bats
  3 frilled lizards
  4 goblins
  3 kobolds (D:2)
  3 rats
37 creatures vanquished.

Notes
Turn   | Place    | Note
-------+----------+-------------------------------------------
     0 | D:1      | qw the Deep Elf Hunter began the quest for the Orb.
     0 | D:1      | Reached XP level 1. HP: 12/12 MP: 3/3
     0 | D:1      | 0 ||| qw: Version: 0.3-a-160-g6735b56
     0 | D:1      | 0 ||| qw: Game counter: 5273
     0 | D:1      | 0 ||| qw: Melee chars always use a shield: true
     0 | D:1      | 0 ||| qw: God list: Okawaru
     0 | D:1      | 0 ||| qw: Allow faded altars: false
     0 | D:1      | 0 ||| qw: Do Orc after clearing Dungeon:15 true
     0 | D:1      | 0 ||| qw: Do second Lair branch before Depths: true
     0 | D:1      | 0 ||| qw: Lair rune preference: random
     0 | D:1      | 0 ||| qw: Goals: Normal
     0 | D:1      | 0 ||| PLANNING D:1-11
   280 | D:1      | Reached skill level 6 in Ranged Weapons
   280 | D:1      | Reached XP level 2. HP: 16/16 MP: 4/4
   602 | D:1      | 602 ||| UPGRADING to +0 ring mail.
   612 | D:1      | 612 ||| DROPPING +0 leather armour.
   613 | D:1      | 613 ||| UPGRADING to +0 pair of boots.
   618 | D:1      | 618 ||| UPGRADING to +0 cloak.
   623 | D:1      | 623 ||| READING scroll labelled BUMAWU OBEH.
   623 | D:1      | 623 ||| IDENTIFYING purple potion
   624 | D:1      | 624 ||| READING scroll labelled MOUPSO SOTWO.
   629 | D:1      | 629 ||| READING scroll labelled SOUSSOAJAU.
   730 | D:1      | 730 ||| READING scroll labelled MITE OFRYNNUNK.
   730 | D:1      | 730 ||| ENCHANTING +0 pair of boots.
   731 | D:1      | 731 ||| DRINKING 2 lumpy silvery potions.
   764 | D:1      | 764 ||| DROPPING scroll of butterflies.
   765 | D:1      | 765 ||| DROPPING potion of lignification.
  1076 | D:2      | Reached XP level 3. HP: 20/20 MP: 5/5
  1153 | D:2      | Reached skill level 7 in Ranged Weapons
  1605 | D:2      | 1605 ||| UPGRADING to amulet of the acrobat.
  1610 | D:2      | 1610 ||| UPGRADING to ring of resist corrosion.
  1611 | D:2      | 1611 ||| DROPPING +6 ring of intelligence.
  1612 | D:2      | 1612 ||| READING scroll of identify.
  1612 | D:2      | 1612 ||| IDENTIFYING lumpy yellow potion
  1613 | D:2      | 1613 ||| READING scroll labelled EMOKAJ GEQAAN.
  1714 | D:2      | 1714 ||| READING scroll labelled UCWOIW JOZE.
  1715 | D:2      | 1715 ||| READING scroll labelled QIFEEP PUYSTRI.
  1716 | D:2      | 1716 ||| READING scroll labelled UFIHE IN PEN.
  1716 | D:2      | 1716 ||| ENCHANTING +0 shortbow.
  1717 | D:2      | 1717 ||| READING scroll labelled MADWEQUAKH.
  1718 | D:2      | 1718 ||| DROPPING potion of attraction.
  1720 | D:2      | 1720 ||| Stepping ~*~*~tactically~*~*~ (cloud).
  1721 | D:2      | HP: 5/20 [poisoned by you (poison gas)]
  1724 | D:2      | HP: 2/20 [poisoned by you (poison gas)]
  1726 | D:2      | Succumbed to their own poison gas

Levels and vault maps discovered:
D:1:      elethiomel_arrival_quiet, layout_basic
D:2:      layout_loops_corners, nicolae_elevator_lobby_plus

Skill      XL: |  1  2  3 |
---------------+----------+-----
Ranged Weapons | 6 7 |  7.1
Fighting       | |  1.5
Dodging        | |  2.4
Stealth        | |  1.2

Action                     || total
---------------------------++-------
   Fire: Shortbow          ||    92
    Use: Scroll            ||    10
         Potion            ||     1
 Armour: Leather armour    ||     8
         Ring mail         ||    13
  Dodge: Dodged            ||    17

Table legend:
 A = Non-vault XP
 B = Vault XP
 C = Vault XP percentage of total XP
 D = Non-vault monster count
 E = Vault monster count
 F = Vault count percentage of total count
                 A         B        C        D         E       F
            +---------+---------+-------+---------+---------+-------
      Total |      71 |       0 |   0.0 |      37 |       0 |   0.0
            +---------+---------+-------+---------+---------+-------
        D:1 |      27 |       0 |   0.0 |      20 |       0 |   0.0
        D:2 |      44 |       0 |   0.0 |      17 |       0 |   0.0
            +---------+---------+-------+---------+---------+-------
